 Dungeon Crawl Stone Soup version 0.26.1-11-gd32895ea62 (webtiles) character file.

Game seed: 2159281713081356540

13153 dtburroughs the Fighter (level 11, -17/101 HPs)
             Began as a Minotaur Berserker on July 8, 2021.
             Was a High Priest of Trog.
             Killed from afar by a frost giant (32 damage)
             ... with a bolt of cold
             ... on level 11 of the Dungeon on July 9, 2021.
             The game lasted 00:25:33 (13859 turns).

dtburroughs the Fighter (Minotaur Berserker)       Turns: 13859, Time: 00:25:34

Health: -17/101    AC: 20    Str: 26    XL:     11   Next: 71%
Magic:  10/10      EV: 11    Int:  7    God:    Trog [*****.]
Gold:   711        SH:  9    Dex: 10    Spells: 10/10 levels left

rFire    + . .     SeeInvis +   X - +14 obsidian axe {vorpal, +Fly SInv *Curse} (curse)
rCold    . . .     Faith    .   V - +0 buckler
rNeg     . . .     Spirit   .   J - +0 plate armour
rPois    .         Reflect  +   (helmet restricted)
rElec    .         Harm     .   s - +0 cloak
rCorr    .         Rampage  .   W - +1 pair of gloves of a ziggurat {rF+ Will+ Str+4}
Will     +....                  f - +0 pair of boots
Stlth    ..........             n - amulet of reflection
HPRegen  0.26/turn              d - +4 ring of slaying
MPRegen  0.12/turn              N - ring of see invisible

@: mesmerised, studying Evocations
A: retaliatory headbutt, horns 2
a: Renounce Religion, Evoke Flight, Berserk, Trog's Hand, Brothers in Arms


You were on level 11 of the Dungeon.
You worshipped Trog.
Trog was extremely pleased with you.
You visited 1 branch of the dungeon, and saw 11 of its levels.

You collected 711 gold pieces.

Inventory:

Hand Weapons
 a - a +0 hand axe
 x - a +0 war axe
 O - a +5 war axe
 S - a +2 antimagic executioner's axe
 X - the cursed +14 obsidian axe (weapon) {vorpal, +Fly SInv *Curse}
   (Trog gifted it to you on level 10 of the Dungeon)

   It inflicts extra damage upon your enemies.
   It lets you see invisible.
   It lets you fly.
   It curses itself when equipped.
   It has a curse placed upon it.
Armour
 f - a +0 pair of boots (worn)
 s - a +0 cloak (worn)
 w - a +0 pair of gloves
 J - a +0 plate armour (worn)
 V - a +0 buckler (worn)
 W - the +1 pair of gloves of a ziggurat (worn) {rF+ Will+ Str+4}
   (You found it on level 10 of the Dungeon)

   It affects your strength (+4).
   It protects you from fire.
   It affects your willpower, your defense against some magical effects.
Jewellery
 d - a +4 ring of slaying (left hand)
 k - an uncursed ring of ice
 n - an amulet of reflection (around neck)
 o - an uncursed ring of fire
 t - an uncursed ring of positive energy
 u - an uncursed ring of protection from fire
 D - an uncursed ring of fire
 E - an uncursed ring of protection from fire
 N - a ring of see invisible (right hand)
 Q - a +6 ring of strength
 R - an uncursed amulet of the acrobat
Wands
 v - a wand of iceblast (19)
 y - a wand of acid (19)
 G - a wand of random effects (23)
 I - a wand of enslavement (21)
 L - a wand of paralysis (6)
 M - a wand of digging (3)
 U - a wand of polymorph (7)
Scrolls
 b - a scroll of random uselessness {unknown}
 c - 5 scrolls of noise {unknown}
 g - 15 scrolls of identify
 i - 2 scrolls of magic mapping {unknown}
 j - 6 scrolls of enchant weapon
 q - 4 scrolls of fear
 z - 3 scrolls of blinking {unknown}
 A - 7 scrolls of teleportation {unknown}
 B - 5 scrolls of amnesia {unknown}
 F - a scroll of fog {unknown}
 K - 4 scrolls of remove curse
 P - a scroll of acquirement {unknown}
 Z - a scroll of silence {unknown}
Potions
 e - 3 potions of flight {unknown}
 h - 4 potions of magic {unknown}
 l - 6 potions of curing {unknown}
 m - 3 potions of haste {unknown}
 p - a potion of cancellation {unknown}
 r - 5 potions of heal wounds
 C - 2 potions of lignification {unknown}
 H - 2 potions of degeneration {unknown}
 Y - a potion of experience {unknown}
Books
 T - a manual of Evocations


   Skills:
 + Level 10.7 Fighting
 + Level 10.6 Axes
 + Level 10.3 Armour
 + Level 9.5 Dodging
 + Level 4.5 Shields
 + Level 8.4 Evocations


You had 10 spell levels left.
You didn't know any spells.
Your spell library was empty.

Dungeon Overview and Level Annotations

Branches:
Dungeon (11/15)            Temple (0/1) D:7            Lair (0/6) D:10
    Orc: D:9-12

Altars:
Ashenzari
Dithmenos
Elyvilon
Gozag
Kikubaaqudgha
Makhleb
Okawaru
Ru
Uskayaw
Yredelemnul
Zin

Shops:
D:6 *   D:7 =   D:8 ?   D:9 *   D:10 ?

Annotations:
D:2 1 runed translucent door
D:9 3 runed translucent doors, PaiMei's ghost, novice DrCj; dtburroughs's ghost, novice MiBe; oc3rt's ghost, novice KoHu


Innate Abilities, Weirdness & Mutations

You reflexively headbutt those who attack you in melee.
You have a pair of horns on your head.


Message History

The orc sorcerer hits you but does no damage.
The centaur warrior shoots an arrow.
The arrow hits you but does no damage.
It was a potion of heal wounds.
You feel much better.
Visions of slaying the frost giant flood into your mind.
The centaur warrior shoots an arrow.
The arrow barely misses you.
The orc sorcerer points at you and mumbles some strange words.
You resist with almost no effort.
The frost giant hits you with a +0 battleaxe of freezing.
The frost giant freezes you.
The centaur warrior shoots an arrow.
The arrow hits you!
* * * LOW HITPOINT WARNING * * *
The arrow burns you.
* * * LOW HITPOINT WARNING * * *
Your two-headed ogre goes berserk!
The orc sorcerer hits you but does no damage.
The centaur warrior shoots an arrow.
The arrow hits you.
* * * LOW HITPOINT WARNING * * *
The frost giant points at you and mumbles some strange words.
The bolt of cold hits you!!
You die...

##.# #.#.. ...# #.#..
##.# #.#..# ####
...##### #.#.#.# )|.
...#....#.#..#.# ..##
...#...#(#.#.#.# ...#
...####.#(.#.#.##O.##
...#.#.#.#(#.#(#Co..#
...##.#.#.#.#.#(@##!#
...#.#..#.#)#.#.(.c.#
..##.################
.##..#####
.'.........
.####......
.....>.....
.####......
.#####.....


You could see a frost giant (mesmerising), a centaur warrior, an orc sorcerer
and a friendly two-headed ogre (summoned, berserk).

Vanquished Creatures
  A two-headed ogre (D:10)
  Erica (D:8)
  A centaur warrior (D:11)
  Pikel (D:5)
  An ugly thing (D:8)
  A yaktaur (D:11)
  A komodo dragon (D:10)
  2 trolls (D:9)
  A hornet (D:11)
  18 yaks
  A steam dragon (D:7)
  2 water moccasins
  13 orc warriors
  A hornet zombie (D:9)
  2 black bears
  2 ice beasts (D:8)
  2 phantoms
  2 sky beasts (D:8)
  4 ogres
  3 necrophages
  A centaur (D:11)
  3 lemures (D:5)
  3 big kobolds
  2 wyvern zombies
  5 bullfrogs
  A water moccasin zombie (D:8)
  A wyvern skeleton (D:11)
  3 scorpions
  5 wights
  4 killer bees (D:10)
  2 howler monkeys
  A bullfrog zombie (D:9)
  A quasit (D:9)
  2 centaur zombies
  4 hounds
  A jelly (D:10)
  8 orc priests
  3 bullfrog skeletons
  3 centaur skeletons
  Jessica (D:2)
  A human skeleton (D:2)
  2 iguanas (D:9)
  8 orc wizards
  Ijyb (D:3)
  7 worker ants
  2 hound skeletons
  A mummy (D:8)
  4 gnolls (D:6)
  12 adders
  3 shadow imps
  3 ufetubi
  3 oozes
  An adder zombie (D:8)
  3 worms
  12 dart slugs
  11 leopard geckos
  49 orcs
  3 ball pythons
  5 bats
  2 bat zombies (D:7)
  7 giant cockroaches
  7 goblins
  5 hobgoblins
  14 jackals
  4 quokkas
  4 frilled lizards
  A goblin skeleton (D:2)
  A jackal skeleton (D:2)
  23 kobolds
  8 rats
  2 rat zombies (D:7)
323 creatures vanquished.

Vanquished Creatures (collateral kills)
  A manticore (D:11)
  An ice beast (D:11)
  2 wights (D:11)
4 creatures vanquished.

Vanquished Creatures (others)
  22 plants (D:10)
  7 withered plants
29 creatures vanquished.

Grand Total: 356 creatures vanquished

Notes
Turn   | Place    | Note
-------+----------+-------------------------------------------
     0 | D:1      | dtburroughs the Minotaur Berserker began the quest for the
                  | Orb.
     0 | D:1      | Reached XP level 1. HP: 19/19 MP: 0/0
   263 | D:1      | HP: 1/30 [dart slug (2)]
   265 | D:1      | Reached XP level 2. HP: 1/27 MP: 1/1
  1420 | D:2      | Noticed Jessica
  1439 | D:2      | Killed Jessica
  1440 | D:2      | Reached XP level 3. HP: 17/33 MP: 2/2
  1592 | D:2      | Reached ** piety under Trog
  1692 | D:2      | Found a runed translucent door.
  1692 | D:2      | Noticed a human
  1696 | D:2      | Found a basalt altar of Yredelemnul.
  1708 | D:2      | Reached XP level 4. HP: 14/41 MP: 3/3
  2871 | D:3      | Reached XP level 5. HP: 28/47 MP: 4/4
  3426 | D:3      | Found a faded altar of an unknown god.
  3550 | D:3      | Noticed Ijyb
  3559 | D:3      | Killed Ijyb
  3750 | D:3      | Found a faded altar of an unknown god.
  3750 | D:3      | Found a burning altar of Makhleb.
  3757 | D:3      | Found a faded altar of an unknown god.
  3759 | D:3      | Found an iron altar of Okawaru.
  3761 | D:3      | Found a glowing silver altar of Zin.
  4063 | D:4      | Reached skill level 5 in Fighting
  4067 | D:4      | Reached skill level 5 in Axes
  4118 | D:4      | Reached XP level 6. HP: 50/56 MP: 5/5
  4296 | D:4      | Reached *** piety under Trog
  4574 | D:4      | Reached skill level 1 in Evocations
  4602 | D:4      | Found a shadowy altar of Dithmenos.
  4771 | D:5      | Entered Level 5 of the Dungeon
  4772 | D:5      | Noticed Pikel
  4790 | D:5      | Killed Pikel
  4791 | D:5      | Reached skill level 5 in Armour
  4791 | D:5      | Reached XP level 7. HP: 25/63 MP: 6/6
  4980 | D:5      | Found a broken altar of Ashenzari.
  5068 | D:5      | Found a sacrificial altar of Ru.
  5150 | D:5      | Reached skill level 5 in Dodging
  5748 | D:6      | Reached XP level 8. HP: 71/71 MP: 7/7
  6014 | D:6      | Found Ejyinouc's Assorted Antiques.
  7096 | D:7      | Reached **** piety under Trog
  7799 | D:7      | Reached XP level 9. HP: 78/79 MP: 8/8
  7802 | D:7      | Found a staircase to the Ecumenical Temple.
  7834 | D:7      | Found an ancient bone altar of Kikubaaqudgha.
  7954 | D:7      | Found Urolesas's Jewellery Shop.
  8016 | D:7      | Got a faintly glowing whip
  8024 | D:7      | Identified the +5 whip "Puhomp" {pain, rN+} (You found it
                  | on level 7 of the Dungeon)
  8826 | D:8      | Noticed a white ugly thing
  8838 | D:8      | Killed a white ugly thing
  9014 | D:8      | Reached skill level 5 in Evocations
  9277 | D:8      | Reached XP level 10. HP: 80/90 MP: 9/9
  9380 | D:8      | Reached ***** piety under Trog
  9422 | D:8      | Found Pyntiz's Magic Scroll Emporium.
  9445 | D:8      | Noticed Erica
  9448 | D:8      | Killed Erica
  9609 | D:8      | Received a gift from Trog
 10931 | D:9      | Found a runed translucent gate.
 10931 | D:9      | Found a runed translucent gate.
 10931 | D:9      | Found a runed translucent gate.
 10932 | D:9      | Noticed dtburroughs's ghost (novice MiBe)
 10932 | D:9      | Noticed PaiMei's ghost (novice DrCj)
 10933 | D:9      | Noticed oc3rt's ghost (novice KoHu)
 11244 | D:9      | Found Gozag's Platinum Reserve.
 11245 | D:9      | Found an opulent altar of Gozag.
 11455 | D:9      | Found a white marble altar of Elyvilon.
 11526 | D:9      | Found a hide-covered altar of Uskayaw.
 11995 | D:10     | Entered Level 10 of the Dungeon
 11995 | D:10     | Noticed a two-headed ogre
 12003 | D:10     | Killed a two-headed ogre
 12004 | D:10     | Reached skill level 1 in Shields
 12192 | D:10     | Found a staircase to the Lair.
 12204 | D:10     | Reached XP level 11. HP: 99/99 MP: 3/10
 12276 | D:10     | Reached skill level 10 in Fighting
 12405 | D:10     | Got a pair of spiked gloves
 12418 | D:10     | Reached skill level 10 in Axes
 12588 | D:10     | Found Foxuicro's Magic Scroll Shop.
 12619 | D:10     | Received a gift from Trog
 12620 | D:10     | Found the +14 obsidian axe {vorpal, +Fly SInv *Curse}
 12685 | D:10     | Identified the +1 pair of gloves of a ziggurat {rF+ Will+
                  | Str+4} (You found it on level 10 of the Dungeon)
 12970 | D:11     | Reached skill level 10 in Armour
 13724 | D:11     | Noticed a centaur warrior
 13733 | D:11     | Killed a centaur warrior
 13853 | D:11     | Noticed a centaur warrior
 13854 | D:11     | Noticed a frost giant
 13854 | D:11     | Noticed an orc sorcerer
 13859 | D:11     | Killed from afar by a frost giant

Illustrated notes

Levels and vault maps discovered:
D:1:      tarquinn_simple_flora_water_a, layout_basic
D:2:      layout_rooms, dk_yredelemnul_ordeal, uniq_jessica
D:3:      kennysheep_slugbush, layout_basic,
          chequers_temple_overflow_minitemple, chequers_ecumenical_altar_twisty,
          uniq_ijyb
D:4:      kb_forest_paths, layout_loops_ring, kennysheep_mini
D:5:      layout_cave_pools, lemuel_doored_altar, lemuel_round_altar, uniq_pikel
D:6:      layout_rooms, nicolae_overflow_hidden_temple, serial_shops,
          nicolae_shop_stone
D:7:      layout_basic, lemuel_zombie_altar_kikubaaqudgha,
          minmay_temple_entry_from_below_a, serial_shops,
          nicolae_shop_statue_plus, grunt_ministairs_9
D:8:      layout_basic, serial_shops, shop_fountains, serial_undead,
          serial_undead_f, serial_undead_a, serial_undead_d, serial_undead_b,
          minmay_manual_mullet, uniq_erica
D:9:      layout_long_grid, marbit_many_paths, eat_drink_and_be_merry_uskayaw,
          nicolae_gozag_zags_fifth_avenue, gammafunk_ghost_cemetery
D:10:     layout_rooms, david_lair_shrubbed, serial_shops, kennysheep_mini_moat,
          st_stairs_14
D:11:     minmay_tearing_corner, layout_basic, minmay_misc_feat_tower

Skill      XL: |  1  2  3  4  5  6  7  8  9 10 11 |
---------------+----------------------------------+-----
Axes           | 4 5 6 7 8 9 10 | 10.6
Fighting       | 4 5 6 7 8 9 10 | 10.7
Armour         | 3 4 5 6 8 9 10 | 10.3
Dodging        | 3 4 5 6 7 8 9 |  9.5
Evocations     | 2 4 5 7 8 |  8.4
Shields        | 1 4 |  4.5

Action                   |  1- 3 |  4- 6 |  7- 9 | 10-12 || total
-------------------------+-------+-------+-------+-------++-------
Melee: Hand axe          |    59 |   152 |   166 |       ||   377
       Headbutt          |     7 |    31 |    53 |    54 ||   145
       War axe           |       |       |   132 |    33 ||   165
       Executioner's axe |       |       |       |   134 ||   134
       Broad axe         |       |       |       |    46 ||    46
Invok: Berserk           |     1 |       |       |       ||     1
       Trog's Hand       |       |     1 |     4 |       ||     5
       Brothers in Arms  |       |       |       |     1 ||     1
Evoke: Wand              |       |       |       |     3 ||     3
  Use: Scroll            |       |     4 |       |     1 ||     5
       Potion            |       |       |       |     1 ||     1
 Stab: Sleeping          |       |     1 |       |       ||     1
       Distracted        |       |       |       |     1 ||     1
Armor: Animal skin       |    10 |    26 |       |       ||    36
       Chain mail        |       |    45 |    56 |       ||   101
       Plate armour      |       |       |    72 |   120 ||   192
Dodge: Dodged            |    31 |   101 |   111 |   124 ||   367
Block: Other             |       |    33 |    60 |    48 ||   141
       Reflection        |       |     3 |     3 |     9 ||    15
       Buckler           |       |       |       |    32 ||    32
